 Dungeon Crawl Stone Soup version 0.31.0-10-gcf4a605ca0 (webtiles) character file.

Game seed: 7911754473124644935

581 Curundu the Chopper (level 7, 0/93 HPs)
             Began as a Minotaur Berserker on Jan 25, 2024.
             Was a Priest of Trog.
             Slain by an iguana (5 damage)
             ... on level 5 of the Dungeon.
             The game lasted 00:10:08 (3429 turns).

Curundu the Chopper (Minotaur Berserker)            Turns: 3429, Time: 00:10:08

Health: 0/93       AC:  6    Str: 24    XL:     7   Next: 13%
Magic:  6/6        EV:  7    Int:  4    God:    Trog [***...]
Gold:   201        SH:  0    Dex:  9    Spells: 6/6 levels left

rFire   . . .        d - +0 war axe
rCold   . . .        (no shield)
rNeg    . . .        k - +0 plate armour
rPois   .            (helmet restricted)
rElec   .            (no cloak)
rCorr   .            (no gloves)
SInv    .            i - +1 pair of boots {Stlth+}
Will    .....        (no amulet) Stlth
                     (no ring)
HPRegen 0.35/turn    (no ring)
MPRegen 0.10/turn

%: no passive effects
@: berserking, corroded, very quick
A: horns 2, retaliatory headbutt
a: Renounce Religion, Berserk, Trog's Hand


You were on level 5 of the Dungeon.
You worshipped Trog.
Trog was most pleased with you.
You visited 1 branch of the dungeon, and saw 5 of its levels.

You collected 201 gold pieces.

Inventory:

Hand Weapons
 d - a +0 war axe (weapon)
Missiles
 p - a throwing net (quivered)
Armour
 i - a +1 pair of boots of stealth (worn)
 k - a +0 plate armour (worn)
Jewellery
 c - a ring of resist corrosion
Scrolls
 h - 2 scrolls of teleportation
Potions
 a - a potion of haste {unknown}
 b - a potion of heal wounds {unknown}
 e - 2 potions of might
 f - 3 potions of curing
 g - 2 potions of ambrosia {unknown}
 j - a potion of attraction {unknown}
 l - a potion of cancellation {unknown}
 n - a potion of brilliance {unknown}
 o - a potion of enlightenment {unknown}


   Skills:
 + Level 5.8 Fighting
 + Level 7.1 Axes
 + Level 4.9 Armour
 + Level 3.0 Dodging
 + Level 0.7 Stealth


You had 6 spell levels left.
You didn't know any spells.
Your spell library was empty.

Dungeon Overview and Level Annotations

Branches:
Dungeon (5/15)             Temple (0/1) D:5

Altars:

Shops:
D:4 [


Innate Abilities, Weirdness & Mutations

You have a pair of horns on your head.
You reflexively headbutt those who attack you in melee.


Message History

The quokka is lightly wounded.
You hit the jelly. The acid corrodes you!
Your hands burn!
The jelly hits you but does no damage.
You closely miss the iguana. You hit the jelly.
Your hands burn!
The jelly hits you but does no damage.
You hit the iguana.
The iguana is lightly wounded.
You slash the jelly!
You kill the jelly!
Trog accepts your kill. The iguana bites you! The iguana bites you.
You barely miss the iguana. You closely miss the quokka.
The quokka bites you but does no damage.
The iguana bites you!
Unknown command.
You barely miss the iguana. You closely miss the quokka.
The quokka bites you but does no damage.
The iguana bites you. The quokka barely misses you.
You hit the iguana. Your headbutt misses the iguana.
The iguana is moderately wounded.
You slash the quokka!
You kill the quokka!
Trog accepts your kill. The iguana bites you!
* * * LOW HITPOINT WARNING * * *
You hit the iguana but do no damage.
The iguana is moderately wounded.
The iguana bites you!
* * * LOW HITPOINT WARNING * * *
Unknown command.
A red film seems to cover your vision as you go berserk!
You feel yourself moving faster!
You feel mighty! The iguana bites you.
* * * LOW HITPOINT WARNING * * *
You hit the iguana.
The iguana is moderately wounded.
The iguana bites you but does no damage.
You hit the iguana. Your headbutt misses the iguana.
The iguana is severely wounded.
The iguana bites you.
You die...

+. ... .. #.. #
.#+#.#.# ....#.#
...#.# ....#
#l†.# #@#.#
#######'#.#
#.........# #
#.........#.#
#.............
#........##.##
#####.....#+#
#...#'#.#....
####.......#....


You could see an iguana.

Vanquished Creatures
  A sky beast (D:4)
  A black bear (D:3)
  3 jellies
  3 hounds
  Terence (D:2)
  Robin (D:3)
  3 gnolls (D:4)
  5 adders
  4 dart slugs
  4 ribbon worms
  8 endoplasms
  4 giant cockroaches (D:1)
  13 goblins
  5 hobgoblins
  10 jackals
  5 kobolds
  7 quokkas
  10 ball pythons
  5 bats
  5 frilled lizards
  6 rats
104 creatures vanquished.

Notes
Turn   | Place    | Note
-------+----------+-------------------------------------------
     0 | D:1      | Curundu the Minotaur Berserker began the quest for the Orb.
     0 | D:1      | Reached XP level 1. HP: 19/19 MP: 0/0
   172 | D:1      | Reached XP level 2. HP: 25/27 MP: 1/1
   195 | D:1      | Found a faded altar of an unknown god.
   421 | D:1      | Reached skill level 4 in Axes
   434 | D:1      | Reached ** piety under Trog
   435 | D:1      | Reached XP level 3. HP: 34/34 MP: 2/2
  1125 | D:2      | Noticed Terence
  1133 | D:2      | Killed Terence
  1134 | D:2      | Reached XP level 4. HP: 41/41 MP: 3/3
  1594 | D:3      | Noticed a black bear
  1601 | D:3      | Killed a black bear
  1602 | D:3      | Reached skill level 5 in Fighting
  1602 | D:3      | Reached skill level 5 in Axes
  1602 | D:3      | Reached XP level 5. HP: 16/48 MP: 4/4
  2183 | D:3      | Noticed Robin
  2189 | D:3      | Reached *** piety under Trog
  2190 | D:3      | Killed Robin
  2384 | D:4      | Reached XP level 6. HP: 46/56 MP: 5/5
  2386 | D:4      | Reached skill level 6 in Axes
  2629 | D:4      | Noticed a sky beast
  2640 | D:4      | Killed a sky beast
  3053 | D:4      | Found Poce Ur Vea's Antique Armour Boutique.
  3314 | D:4      | Reached skill level 7 in Axes
  3367 | D:5      | Entered Level 5 of the Dungeon
  3371 | D:5      | Found a staircase to the Ecumenical Temple.
  3395 | D:5      | Reached XP level 7. HP: 62/62 MP: 6/6
  3429 | D:5      | Slain by an iguana

Illustrated notes

Levels and vault maps discovered:
D:1:      sevenhm_arrival_forest_fort_large_4, layout_basic, serial_curves,
          eino_curves_02, eino_curves_03, hellmonk_ecumenical_altar_run_dry,
          hangedman_decor_growths, st_stairs_7, serial_park_tiny_pond
D:2:      layout_rooms, minmay_unequal, uniq_terence
D:3:      layout_loops_ring, uniq_robin
D:4:      layout_loops_corners, serial_shops, shop
D:5:      layout_basic, minmay_temple_entry_purple_smoke,
          hangedman_abyss_or_decor_passed, minmay_stone_trees_small,
          ebering_dispersal_statue_hall, grunt_ministairs_4

Skill      XL: |  1  2  3  4  5  6 |
---------------+-------------------+-----
Fighting       | 4 5 |  5.8
Axes           | 4 5 7 |  7.1
Armour         | 3 4 |  4.9
Dodging        | 3 |  3.0
Stealth        | |  0.7

Action                     |  1- 3 |  4- 6 |  7- 9 || total
---------------------------+-------+-------+-------++-------
  Melee: Hand axe          |    15 |       |       ||    15
         Headbutt          |     6 |    17 |       ||    23
         War axe           |    43 |   115 |    13 ||   171
         Punch             |     1 |       |       ||     1
 Invoke: Trog's Hand       |     1 |       |       ||     1
         Berserk           |       |       |     1 ||     1
    Use: Scroll            |     2 |     5 |       ||     7
 Armour: Animal skin       |    21 |       |       ||    21
         Chain mail        |    17 |    32 |       ||    49
         Plate armour      |       |    97 |    22 ||   119
  Dodge: Dodged            |    41 |    53 |     4 ||    98
